 Dungeon Crawl Stone Soup version 0.31-a0-675-g238779eb0a (webtiles) character file.

Game seed: 2988288368195878224

489 Shayle the Mimic (level 7, 0/62 HPs)
             Began as an Ogre Shapeshifter on Sept 5, 2023.
             Was an Initiate of Gozag.
             Succumbed to an adder's poison
             ... on level 3 of the Dungeon.
             The game lasted 00:08:00 (3486 turns).

Shayle the Mimic (Ogre Shapeshifter)                Turns: 3486, Time: 00:08:01

Health: 0/62       AC:  3    Str: 19    XL:     7   Next: 14%
Magic:  16/16      EV: 11    Int: 13    God:    Gozag
Gold:   56         SH:  0    Dex:  8    Spells: 6/6 levels left

rFire   + . .        r - +4 spear (venom)
rCold   + . .        (no shield)
rNeg    . . .        a - +0 animal skin
rPois   +            (helmet currently unavailable)
rElec   +            (cloak currently unavailable)
rCorr   +            (gloves unavailable)
SInv    .            (boots unavailable)
Will    .....        (no amulet)
Stlth   +            e - ring of magical power
HPRegen 0.30/turn    (no ring)
MPRegen 0.15/turn

%: no passive effects
@: lethally poisoned (0 -> 0), beast-form, resistant, gold aura
A: beast (slay +4), large, unfitting armour, tough skin 1
a: Begin Untransformation, Renounce Religion, Potion Petition, Call Merchant,
Bribe Branch


You were on level 3 of the Dungeon.
You worshipped Gozag.
Gozag was noncommittal.
You were a hulking beast.
You visited 1 branch of the dungeon, and saw 4 of its levels.

You collected 263 gold pieces.
You spent 162 gold pieces at shops.
You paid 45 gold pieces to Gozag.

Inventory:

Hand Weapons
 n - a +2 dagger of holy wrath
 r - a +4 spear of venom (weapon)
Armour
 a - a +0 animal skin (worn)
Jewellery
 e - a ring of magical power (left hand)
 f - a ring of fire
 o - a ring of see invisible
Talismans
 c - a beast talisman (active)
 d - a flux talisman
Scrolls
 h - a scroll of teleportation
Potions
 j - 2 potions of degeneration
 k - 2 potions of haste


   Skills:
 - Level 1.3 Fighting
 + Level 7.6 Dodging
 + Level 7.8 Unarmed Combat
 + Level 8.0 Shapeshifting


You had 6 spell levels left.
You didn't know any spells.
Your spell library contained the following spells:

 Spells                   Type           Power      Damage    Failure   Level
 Ensorcelled Hibernation  Hex/Ice        0%         N/A       43%         2
 Passwall                 Tmut/Erth      0%         N/A       43%         2
 Call Canine Familiar     Summ           0%         N/A       67%         3
 Portal Projectile        Hex/Tloc       0%         N/A       67%         3
 Swiftness                Air            0%         N/A       67%         3
 Leda's Liquefaction      Hex/Erth       0%         N/A       97%         4


Dungeon Overview and Level Annotations

Branches:
Dungeon (4/15)
 Temple: D:4-7

Altars:
Gozag

Shops:
D:1 =   D:2 (   D:3 ?


Innate Abilities, Weirdness & Mutations

You are a hulking beast.
Your limbs bulge with bestial killing power. (Slay +4)
You are too large for most types of armour.
You have tough skin. (AC +1)


Message History

The adder bites you.
* * * LOW HITPOINT WARNING * * *
You are more poisoned.
The adder poisons you!
You barely miss the adder.
The adder is heavily wounded.
You feel sick. The adder bites you.
* * * LOW HITPOINT WARNING * * *
You are lethally poisoned!
The adder poisons you!
You puncture the adder!
You kill the adder!
* * * LOW HITPOINT WARNING * * *
You feel very sick.
Unknown command.
It was a potion of resistance.
You feel protected.
* * * LOW HITPOINT WARNING * * *
You feel sick.
It was a potion of experience.
You feel more experienced!
Your Dodging skill gained 4 levels and is now at level 7!
Your Unarmed Combat skill gained 3 levels and is now at level 7!
Your Shapeshifting skill gained 4 levels and is now at level 8!
You have reached level 7!
* * * LOW HITPOINT WARNING * * *
You feel sick.
Okay, then.
* * * LOW HITPOINT WARNING * * *
You feel sick.
* * * LOW HITPOINT WARNING * * *
You feel sick.
* * * LOW HITPOINT WARNING * * *
You feel sick.
There is a stone staircase leading up, spattered with blood here.
* * * LOW HITPOINT WARNING * * *
You feel sick.
You climb upwards.
You die...
Your body crumbles into a pile of gold.

##...##.......##..##....# #.####
#8...8#.#####.##..##....# #.#
##...##.# ####..##....# #.#
##...#### #...........# #.####
##...## ##.##############.....
#8...8# ##.##.................
##...########.##.################
.#............##[#####.......# #
.#.#...#########h#####.##....# #
.#.#...# #####.#####.####..# #
.#.#...# #####.#.###.####..####
...#...# #####.#.###.####..#...
################.#[###.##....#.##
...........#####.#......#.#.##.#
##########.#####.#.######.#.##.#
.....# #.#####.#.######.#.##.#
####.# #.#####.#.######.#.##.#


There were no monsters in sight!

Vanquished Creatures
  A gnoll sergeant (D:3)
  An orc priest (D:3)
  Jessica (D:2)
  Robin (D:2)
  4 gnolls
  3 adders
  A dart slug (D:3)
  4 orcs (D:3)
  5 ball pythons
  3 bats
  4 endoplasms
  9 goblins
  13 hobgoblins
  3 quokkas
  2 frilled lizards
  2 kobolds (D:2)
  4 rats
61 creatures vanquished.

Notes
Turn   | Place    | Note
-------+----------+-------------------------------------------
     0 | D:1      | Shayle the Ogre Shapeshifter began the quest for the Orb.
     0 | D:1      | Reached XP level 1. HP: 19/19 MP: 1/1
   172 | D:1      | Found Exism's Jewellery Boutique.
   242 | D:1      | Reached XP level 2. HP: 24/27 MP: 2/2
   749 | D:2      | Reached XP level 3. HP: 11/33 MP: 3/3
   902 | D:2      | Found a faded altar of an unknown god.
  1153 | D:2      | Found Sijyfeoh's Weapon Shop.
  1172 | D:2      | Noticed Jessica
  1176 | D:2      | Reached XP level 4. HP: 41/41 MP: 4/4
  1179 | D:2      | Killed Jessica
  1302 | D:2      | Identified the +0 chain mail of the World {Harm rN++}
  1404 | D:2      | You fall into a shaft and drop 1 floor!
  1498 | D:3      | Noticed Robin
  1775 | D:3      | Found an opulent altar of Gozag.
  1819 | D:3      | Became a worshipper of Gozag Ym Sagoz the Greedy
  1889 | D:3      | Reached XP level 5. HP: 20/48 MP: 5/5
  2132 | D:2      | Killed Robin
  2133 | D:2      | Reached skill level 4 in Shapeshifting
  3089 | D:3      | Found Uzxoti's Magic Scroll Shoppe.
  3222 | D:3      | Bought a scroll of enchant weapon for 90 gold pieces
  3222 | D:3      | Bought a scroll of identify for 24 gold pieces
  3222 | D:3      | Bought a scroll of identify for 24 gold pieces
  3222 | D:3      | Bought a scroll of identify for 24 gold pieces
  3282 | D:3      | Reached XP level 6. HP: 12/55 MP: 6/6
  3481 | D:4      | Reached skill level 8 in Shapeshifting
  3481 | D:4      | Reached XP level 7. HP: 5/62 MP: 7/7
  3482 | D:4      | HP: 3/62 [poisoned by an adder]
  3484 | D:4      | HP: 1/62 [poisoned by an adder]
  3486 | D:3      | Succumbed to an adder's poison

Illustrated notes

Levels and vault maps discovered:
D:1:      dpeg_arrival_simpleton_b, layout_rooms, serial_shops,
          nicolae_shop_real_fake_doors, minmay_octomino_j4
D:2:      layout_basic, ebering_ecumenical_altar_sacrificial, serial_shops,
          shop, uniq_jessica
D:3:      layout_basic, grunt_gozag_statues, serial_shops,
          nicolae_shop_competitors_out_of_business, serial_corexii_hall,
          corexii_hall_statues_l, chequers_hall_statues_y,
          chequers_hall_statues_corner_a, uniq_robin
D:4:      layout_basic, uniq_ijyb

Skill      XL: |  1  2  3  4  5  6 |
---------------+-------------------+-----
Dodging        | 2 3 7 |  7.6
Unarmed Combat | 3 4 7 |  7.8
Shapeshifting  | 4 8 |  8.0
Fighting       | |  1.3

Action                     |  1- 3 |  4- 6 |  7- 9 || total
---------------------------+-------+-------+-------++-------
  Melee: Unarmed           |    69 |    12 |       ||    81
         Spear             |       |    85 |       ||    85
         Punch             |       |     3 |       ||     3
    Use: Scroll            |     1 |    11 |       ||    12
         Potion            |     1 |     4 |       ||     5
 Armour: Animal skin       |    29 |    74 |       ||   103
         Skin              |     1 |     6 |       ||     7
  Dodge: Dodged            |    37 |    44 |       ||    81

Table legend: (Time is in decaauts)
 A = Elapsed time spent in this place.
 B = Non-inter-level travel time spent in this place.
 C = Inter-level travel time spent in this place.
 D = Time resting spent in this place.
 E = Time spent auto-exploring this place.
 F = Levels seen in this place.
 G = Mean time per level.
                   A        B        C        D        E       F      G
               +--------+--------+--------+--------+--------+-----+--------+
         Total |   3491 |   3378 |    113 |    616 |   2095 |   4 |  872.8 |
       Dungeon |   3491 |   3378 |    113 |    616 |   2095 |   4 |  872.8 |
               +--------+--------+--------+--------+--------+-----+--------+

Top non-repeatable levels by time:
     D:3: 1448 daAuts
     D:2: 1242 daAuts
     D:1: 641 daAuts
     D:4: 158 daAuts
